 Dungeon Sprint DCSS version 0.28-a0-750-g7c675f85b1 (webtiles) character file.

Game seed: 13374379396961088476

246 ytrimaz the Ducker (level 5, 46/46 HPs)
             Began as a Demonspawn Gladiator on Oct 29, 2021.
             Was the Champion of Jiyva.
             Quit the game in the Dungeon (Sprint V: "Ziggurat Sprint").
             The game lasted 00:03:58 (115 turns).

ytrimaz the Ducker (Demonspawn Gladiator)            Turns: 115, Time: 00:03:59

Health: 46/46      AC: 22    Str: 27    XL:     5   Next: 84%
Magic:  5/5        EV: 10    Int: 12    God:    Jiyva [******]
Gold:   0          SH:  0    Dex: 14    Spells: 4/4 levels left

rFire   + . .      SeeInvis .   m - +5 executioner's axe
rCold   + . .      Faith    .   (shield currently unavailable)
rNeg    . . .      Spirit   .   l - +5 gold dragon scales
rPois   +          Reflect  .   (helmet restricted)
rElec   .          Harm     .   (no cloak)
rCorr   +          Rampage  .   (no gloves)
Will    .....      NoTele   +   (no boots)
Stlth   ..........              (no amulet)
HPRegen 0.15/turn               E - +6 ring of strength
MPRegen 0.09/turn               F - +6 ring of strength

@: no status effects
A: antennae 1, sturdy frame 1, claws 1, clever 1, passive freeze, poison
resistance, shaggy fur 1, wild magic 1, eyeballs 2, gelatinous body 2,
translucent skin 1, tendrils, jelly sensing items, jelly absorbing missiles,
engulf
a: Renounce Religion, Request Jelly, Slimify, Cure Bad Mutation


You were in the Dungeon.
You worshipped Jiyva.
Jiyva was exalted by your worship.
You visited 1 branch

Inventory:

Hand Weapons
 a - a +0 war axe
 m - a +5 executioner's axe (weapon)
Missiles
 d - 3 throwing nets (quivered)
Armour
 k - a +5 crystal plate armour
 l - +5 gold dragon scales (worn)
 u - the +18 shield of the Gong {rElec rN+ Will+ EV-5}
   (You found it in the Dungeon)

   It is deafeningly noisy when blocking attacks.
   EV:        It affects your evasion (-5).
   rElec:     It insulates you from electricity.
   rN:        It protects you from negative energy.
   Will:      It increases your willpower.
Jewellery
 z - a ring of flight
 A - a +6 ring of dexterity
 B - a +6 ring of dexterity
 C - a +6 ring of intelligence
 D - a +6 ring of intelligence
 E - a +6 ring of strength (left claw)
 F - a +6 ring of strength (right claw)
Wands
 w - a wand of mindburst (7)
 x - a wand of iceblast (7)
 y - a wand of acid (7)
Scrolls
 j - 4 scrolls of blinking
 n - 4 scrolls of amnesia
 o - 7 scrolls of fog
 p - 5 scrolls of identify
 q - 2 scrolls of fear
Potions
 e - 10 potions of curing
 f - 10 potions of heal wounds
 g - 6 potions of haste
 h - 7 potions of magic
 i - 3 potions of berserk rage
 r - 2 potions of brilliance
 s - 2 potions of invisibility
 t - 4 potions of resistance
 v - 5 potions of might


   Skills:
 + Level 5.9 Fighting
 + Level 6.5 Axes
 + Level 3.4 Throwing
 + Level 4.0 Armour
 + Level 7.5 Dodging


You had 4 spell levels left.
You didn't know any spells.
Your spell library was empty.

Dungeon Overview and Level Annotations

Branches:
Dungeon (1/1)

Altars:
Ashenzari
Cheibriados
Dithmenos
Elyvilon
Fedhas
Gozag
Hepliaklqana
Kikubaaqudgha
Makhleb
Nemelex Xobeh
Okawaru
Qazlal
Ru
Sif Muna
Trog
Uskayaw
Vehumet
Wu Jian
Xom
Yredelemnul
Zin
The Shining One
Beogh
Jiyva
Lugonu

Annotations:
D 1 transporter


Innate Abilities, Weirdness & Mutations

You have a pair of small antennae on your head.
Your movements are slightly less encumbered by armour. (ER -2)
You have sharp fingernails.
Your mind is acute. (Int +2)
A frigid envelope surrounds you and freezes all who hurt you.
Your system is resistant to poisons. (rPois)
You are covered in fur. (AC +1)
Your spells are a little harder to cast, but a little more powerful.
Your body has grown many golden eyes which may confuse attackers. (Acc +5)
Your pliable body absorbs attacks. (AC +2, EV +2)
Your translucent skin slightly reduces your foes' accuracy. (Stealth+)
You are covered in slimy tendrils that may disarm your opponents.
You have a small jelly attached to you that senses nearby items.
You have a small jelly attached to you that may absorb incoming projectiles.
Your melee attacks may engulf your foes in ooze.


Message History

Your Armour skill increases to level 4!
Your Dodging skill gained 3 levels and is now at level 7!
You have reached level 3!
Your experience leads to an increase in your attributes!
Your base attributes are Str 14, Int 9, Dex 14.
Increase (S)trength, (I)ntelligence, or (D)exterity?
You feel stronger.
Your demonic ancestry asserts itself...
You feel less encumbered by your armour.
You have reached level 4!
You feel clever.
You have reached level 5!
Unknown command.
You hear a distant slurping noise.
Jiyva appreciates your sacrifice.
Things that are here:
a +0 short sword; a +0 robe; a spriggan corpse You hear a distant slurping noise.
Jiyva alters your body.
Your body becomes less viscous.
Jiyva appreciates your sacrifice. Jiyva alters your body.
Thin, slimy tendrils emerge from your body.
Jiyva appreciates your sacrifice. Jiyva alters your body.
You feel clever. Jiyva appreciates your sacrifice.
Unknown command.
You hear a distant slurping noise.
Jiyva alters your body.
You feel as though nothing has changed. Jiyva alters your body.
The jelly growth is reabsorbed into your body.
Jiyva appreciates your sacrifice.
You hear a distant slurping noise.
Jiyva alters your body.
Your body partially splits into a small jelly.
Jiyva appreciates your sacrifice.
You hear a distant slurping noise.
Jiyva alters your body.
Your body partially splits into a small jelly.
Jiyva appreciates your sacrifice.
Are you sure you want to abandon this character and quit the game? (Confirm with "yes".)

▓▓▓▓▓▓▓
▓.8©8.▓
∆
▓..@..▓
▓.[.[.▓
▓.....▓
▓.†)..▓
▓..©..▓
▓▓▓▓▓▓▓
∆∆∆


There were no monsters in sight!

Vanquished Creatures
  A spriggan (D)
  A wolf (D)
2 creatures vanquished.

Vanquished Creatures (others)
  2 acid blobs (shapeshifter) (D)
  A satyr (shapeshifter) (D)
  A two-headed ogre (shapeshifter) (D)
  A sea snake (shapeshifter) (D)
  A swamp dragon (shapeshifter) (D)
  A lindwurm (shapeshifter) (D)
  2 deep trolls (shapeshifter) (D)
  An orb spider (shapeshifter) (D)
  A moth of wrath (shapeshifter) (D)
  An eye of devastation (shapeshifter) (D)
  A water nymph (shapeshifter) (D)
  A cane toad (shapeshifter) (D)
  A yaktaur (shapeshifter) (D)
  A komodo dragon (shapeshifter) (D)
  2 dream sheep (shapeshifter) (D)
  A slime creature (shapeshifter) (D)
  A troll (shapeshifter) (D)
  2 snapping turtles (shapeshifter) (D)
  2 redbacks (shapeshifter) (D)
  A spriggan (shapeshifter) (D)
  A hog (shapeshifter) (D)
  3 swamp worms (shapeshifter) (D)
  A warg (shapeshifter) (D)
  2 floating eyes (shapeshifter) (D)
  A worm (shapeshifter) (D)
  A kobold (shapeshifter) (D)
34 creatures vanquished.

Grand Total: 36 creatures vanquished

Notes
Turn   | Place    | Note
-------+----------+-------------------------------------------
     0 | D        | ytrimaz the Demonspawn Gladiator began the quest for the
                  | Orb.
     0 | D        | Reached XP level 1. HP: 16/16 MP: 1/1
     5 | D        | Found a blossoming altar of Fedhas.
     6 | D        | Found a hazy altar of Hepliaklqana.
     6 | D        | Found an opulent altar of Gozag.
     6 | D        | Found a viscous altar of Jiyva.
     6 | D        | Found a transporter.
     6 | D        | Found an ancient bone altar of Kikubaaqudgha.
     8 | D        | Banished a spatial maelstrom
    11 | D        | Found the +6 Majin-Bo {vamp, MP+6 Int+6}
    11 | D        | Found the +9 heavy crossbow "Sniper" {vorpal, Acc+∞ SInv}
    11 | D        | Found the +10 dark maul {vorpal}
    11 | D        | Found the +15 Maxwell's patent armour {-Cast -Tele rElec
                  | Will+ rCorr}
    11 | D        | Found the +18 shield of the Gong {rElec rN+ Will+ EV-5}
    11 | D        | Found the +14 obsidian axe {vorpal, Mesm Drain Fly SInv}
    12 | D        | Found a corrupted altar of Lugonu.
    12 | D        | Found the +7 great mace "Firestarter" {inner flame, rF++}
    12 | D        | Found the +6 shillelagh "Devastator" {shatter}
    12 | D        | Found the +11 plutonium sword {Contam Stlth-}
    12 | D        | Found the +8 lance "Wyrmbane" {slay drac, rPois rF+ rC+
                  | AC+3}
    12 | D        | Found the +9 sword of Zonguldrok {reap}
    12 | D        | Found the +13 scythe of Curses {drain, Drain}
    12 | D        | Found the +5 sword of Power {vorpal}
    12 | D        | Found the +7 mace of Variability {chain chaos}
    12 | D        | Found the +7 Singing Sword {vorpal, sonic wave}
    12 | D        | Found the +8 storm bow {elec, penet}
    14 | D        | Found a burning altar of Makhleb.
    15 | D        | Found an iron altar of Okawaru.
    15 | D        | Found a sparkling altar of Nemelex Xobeh.
    15 | D        | Found a stormy altar of Qazlal.
    15 | D        | Found a sacrificial altar of Ru.
    15 | D        | Found a shimmering blue altar of Sif Muna.
    25 | D        | Found a bloodstained altar of Trog.
    67 | D        | Reached skill level 4 in Dodging
    67 | D        | Gained mutation: You have a pair of small antennae on your
                  | head. [demonic ancestry]
    67 | D        | Reached XP level 2. HP: 26/26 MP: 2/2
   103 | D        | Became a worshipper of Jiyva Jutujes the Shapeless
   103 | D        | Reached * piety under Jiyva
   103 | D        | Reached ** piety under Jiyva
   103 | D        | Reached *** piety under Jiyva
   103 | D        | Gained mutation: You are weak. (Str -2) [Jiyva's grace]
   103 | D        | Reached **** piety under Jiyva
   103 | D        | Lost mutation: You are weak. (Str -2) [Jiyva's grace]
   103 | D        | Gained mutation: You have large cloven feet. [Jiyva's
                  | grace]
   103 | D        | Reached ***** piety under Jiyva
   103 | D        | Gained mutation: Your spells are a little harder to cast,
                  | but a little more powerful. [Jiyva's grace]
   103 | D        | Gained mutation: You sometimes lose the ability to read
                  | scrolls when taking damage. [Jiyva's grace]
   103 | D        | Reached ****** piety under Jiyva
   103 | D        | Lost mutation: Your spells are a little harder to cast, but
                  | a little more powerful. [Jiyva's grace]
   103 | D        | Gained mutation: You are somewhat resistant to further
                  | mutation. [Jiyva's grace]
   103 | D        | Gained mutation: Your muscles are strong. (Str +2) [Jiyva's
                  | grace]
   103 | D        | Gained mutation: Your spells are a little harder to cast,
                  | but a little more powerful. [Jiyva's grace]
   103 | D        | Gained mutation: You are agile. (Dex +2) [Jiyva's grace]
   103 | D        | Gained mutation: You have a somewhat thin skeletal
                  | structure. (Dex +2, Stealth+) [Jiyva's grace]
   103 | D        | Gained mutation: You have a small jelly attached to you
                  | that may absorb incoming projectiles. [Jiyva's grace]
   103 | D        | Lost mutation: You are agile. (Dex +2) [Jiyva's grace]
   103 | D        | Lost mutation: You have a somewhat thin skeletal structure.
                  | (Dex +2, Stealth+) [Jiyva's grace]
   103 | D        | Gained mutation: You expend magic power (3 MP) to
                  | strengthen your wands. [Jiyva's grace]
   103 | D        | Gained mutation: You have acidic saliva. [Jiyva's grace]
   103 | D        | Lost mutation: You sometimes lose the ability to read
                  | scrolls when taking damage. [Jiyva's grace]
   103 | D        | Lost mutation: You are somewhat resistant to further
                  | mutation. [Jiyva's grace]
   103 | D        | Gained mutation: Your flesh is cold resistant. (rC+)
                  | [Jiyva's grace]
   103 | D        | Lost mutation: Your spells are a little harder to cast, but
                  | a little more powerful. [Jiyva's grace]
   103 | D        | Lost mutation: Your flesh is cold resistant. (rC+) [Jiyva's
                  | grace]
   103 | D        | Gained mutation: You are strong-willed. (Will+) [Jiyva's
                  | grace]
   103 | D        | Gained mutation: You have hidden genetic potential.
                  | [Jiyva's grace]
   103 | D        | Gained mutation: Your muscles are very strong. (Str +4)
                  | [Jiyva's grace]
   103 | D        | Lost mutation: You expend magic power (3 MP) to strengthen
                  | your wands. [Jiyva's grace]
   104 | D        | Killed a snapping turtle
   104 | D        | Lost mutation: You are strong-willed. (Will+) [Jiyva's
                  | grace]
   104 | D        | Killed a cane toad
   104 | D        | Killed a troll
   104 | D        | Gained mutation: You have a small jelly attached to you
                  | that senses nearby items. [Jiyva's grace]
   104 | D        | Gained mutation: Your rubbery body absorbs attacks. (AC +1,
                  | EV +1) [Jiyva's grace]
   105 | D        | Killed a dream sheep
   105 | D        | Killed a swamp dragon
   105 | D        | Gained mutation: Your spells are a little harder to cast,
                  | but a little more powerful. [Jiyva's grace]
   105 | D        | Gained mutation: Your melee attacks may engulf your foes in
                  | ooze. [Jiyva's grace]
   105 | D        | Killed a deep troll
   105 | D        | Killed a floating eye
   105 | D        | Killed a redback
   105 | D        | Lost mutation: Your muscles are very strong. (Str +4)
                  | [Jiyva's grace]
   105 | D        | Gained mutation: Your body has grown golden eyes which may
                  | confuse attackers. (Acc +3) [Jiyva's grace]
   105 | D        | Lost mutation: You have hidden genetic potential. [Jiyva's
                  | grace]
   105 | D        | Gained mutation: Your system is resistant to poisons.
                  | (rPois) [Jiyva's grace]
   105 | D        | Lost mutation: Your muscles are strong. (Str +2) [Jiyva's
                  | grace]
   105 | D        | Gained mutation: Your pliable body absorbs attacks. (AC +2,
                  | EV +2) [Jiyva's grace]
   106 | D        | Entered arena 2.
   106 | D        | Noticed a wolf
   106 | D        | Noticed a spriggan
   106 | D        | Killed a hog
   106 | D        | Gained mutation: You have hoof-like feet. [Jiyva's grace]
   106 | D        | Lost mutation: You have hoof-like feet. [Jiyva's grace]
   106 | D        | Gained mutation: You have hidden genetic potential.
                  | [Jiyva's grace]
   106 | D        | Lost mutation: You have large cloven feet. [Jiyva's grace]
   106 | D        | Lost mutation: Your spells are a little harder to cast, but
                  | a little more powerful. [Jiyva's grace]
   106 | D        | Gained mutation: You are covered in fur. (AC +1) [Jiyva's
                  | grace]
   106 | D        | Found a transporter.
   107 | D        | Killed an eye of devastation
   107 | D        | Killed a moth of wrath
   107 | D        | Killed a water nymph
   107 | D        | Gained mutation: Your body has grown many golden eyes which
                  | may confuse attackers. (Acc +5) [Jiyva's grace]
   107 | D        | Gained mutation: A frigid envelope surrounds you and
                  | freezes all who hurt you. [Jiyva's grace]
   107 | D        | Killed a komodo dragon
   107 | D        | Gained mutation: Your gelatinous body deflects attacks. (AC
                  | +3, EV +3) [Jiyva's grace]
   107 | D        | Gained mutation: You have large cloven feet. [Jiyva's
                  | grace]
   107 | D        | Gained mutation: Your spells are a little harder to cast,
                  | but a little more powerful. [Jiyva's grace]
   107 | D        | Lost mutation: You have acidic saliva. [Jiyva's grace]
   108 | D        | Killed a warg
   108 | D        | Killed a swamp worm
   108 | D        | Killed an acid blob
   108 | D        | Lost mutation: You have large cloven feet. [Jiyva's grace]
   108 | D        | Gained mutation: You have sharp toenails. [Jiyva's grace]
   108 | D        | Gained mutation: You have acidic saliva. [Jiyva's grace]
   108 | D        | Lost mutation: Your gelatinous body deflects attacks. (AC
                  | +3, EV +3) [Jiyva's grace]
   108 | D        | Lost mutation: Your body has grown many golden eyes which
                  | may confuse attackers. (Acc +5) [Jiyva's grace]
   108 | D        | Killed an orb spider
   109 | D        | Lost mutation: You have a small jelly attached to you that
                  | may absorb incoming projectiles. [Jiyva's grace]
   109 | D        | Gained mutation: Your body has grown many golden eyes which
                  | may confuse attackers. (Acc +5) [Jiyva's grace]
   109 | D        | Gained mutation: You have sharp fingernails. [Jiyva's
                  | grace]
   109 | D        | Killed a yaktaur
   109 | D        | Killed a two-headed ogre
   109 | D        | Lost mutation: You have sharp toenails. [Jiyva's grace]
   109 | D        | Killed a swamp worm
   110 | D        | Killed a spriggan
   110 | D        | Gained mutation: Your gelatinous body deflects attacks. (AC
                  | +3, EV +3) [Jiyva's grace]
   110 | D        | Lost mutation: You have hidden genetic potential. [Jiyva's
                  | grace]
   110 | D        | Killed a satyr
   110 | D        | Killed a dream sheep
   110 | D        | Lost mutation: You have acidic saliva. [Jiyva's grace]
   110 | D        | Gained mutation: Your translucent skin slightly reduces
                  | your foes' accuracy. (Stealth+) [Jiyva's grace]
   110 | D        | Killed a wolf
   110 | D        | Gained mutation: Your translucent skin reduces your foes'
                  | accuracy. (Stealth+) [Jiyva's grace]
   110 | D        | Lost mutation: Your translucent skin reduces your foes'
                  | accuracy. (Stealth+) [Jiyva's grace]
   111 | D        | Reached skill level 5 in Fighting
   111 | D        | Reached skill level 7 in Dodging
   111 | D        | Gained mutation: Your movements are slightly less
                  | encumbered by armour. (ER -2) [demonic ancestry]
   111 | D        | Reached XP level 3. HP: 34/34 MP: 3/3
   111 | D        | Reached XP level 4. HP: 40/40 MP: 4/4
   111 | D        | Reached XP level 5. HP: 46/46 MP: 5/5
   111 | D        | Killed a sea snake
   111 | D        | Killed a swamp worm
   111 | D        | Killed a slime creature
   112 | D        | Lost mutation: Your gelatinous body deflects attacks. (AC
                  | +3, EV +3) [Jiyva's grace]
   112 | D        | Gained mutation: You are covered in slimy tendrils that may
                  | disarm your opponents. [Jiyva's grace]
   112 | D        | Gained mutation: Your mind is acute. (Int +2) [Jiyva's
                  | grace]
   112 | D        | Killed a snapping turtle
   113 | D        | Killed a lindwurm
   113 | D        | Killed a deep troll
   113 | D        | Lost mutation: You have a small jelly attached to you that
                  | senses nearby items. [Jiyva's grace]
   113 | D        | Killed a redback
   113 | D        | Gained mutation: You have a small jelly attached to you
                  | that may absorb incoming projectiles. [Jiyva's grace]
   113 | D        | Gained mutation: You have a small jelly attached to you
                  | that senses nearby items. [Jiyva's grace]
   114 | D        | Killed an acid blob
   114 | D        | Killed a floating eye
   114 | D        | Killed a spriggan
   115 | D        | Quit the game

Illustrated notes

Levels and vault maps discovered:
D:        sprint_v [room_start, room_1, room_2, room_3, room_4, room_5, room_6,
          room_7, room_8, room_9, room_10, room_11, room_12, room_13, room_14,
          room_15, room_16, room_17, room_18, room_19, room_20, room_21,
          room_22, room_23, room_24, room_25, room_26, room_27]

Skill      XL: |  1  2 |
---------------+-------+-----
Fighting       | 4 5 |  5.9
Armour         | 3 4 |  4.0
Dodging        | 4 7 |  7.5
Axes           | 6 |  6.5
Throwing       | 3 |  3.4

Action                   |  1- 3 |  4- 6 || total
-------------------------+-------+-------++-------
Melee: Executioner's axe |     4 |       ||     4
       Kick              |     2 |       ||     2
  Use: Potion            |     1 |       ||     1
Armor: Gold dragon scale |     7 |       ||     7
Dodge: Dodged            |     8 |       ||     8

Table legend: (Time is in decaauts)
 A = Elapsed time spent in this place.
 B = Non-inter-level travel time spent in this place.
 C = Inter-level travel time spent in this place.
 D = Time resting spent in this place.
 E = Time spent auto-exploring this place.
 F = Levels seen in this place.
 G = Mean time per level.
                   A        B        C        D        E       F      G
               +--------+--------+--------+--------+--------+-----+--------+
         Total |    116 |    116 |      0 |      0 |      0 |   1 |  116.0 |
       Dungeon |    116 |    116 |      0 |      0 |      0 |   1 |  116.0 |
               +--------+--------+--------+--------+--------+-----+--------+

Top non-repeatable levels by time:
       D: 116 daAuts
